 Dungeon Crawl Stone Soup version 0.30.0-19-g36f170ea60 (webtiles) character file.

Game seed: 3579683967605317648

1836 MacCMillion the Reanimator (level 8, -10/60 HPs)
             Began as a Mummy Necromancer on May 28, 2023.
             Was an Initiate of Ashenzari.
             Mangled by an orc warrior
             ... wielding a +0 glaive
              (13 damage)
             ... on level 7 of the Dungeon.
             The game lasted 00:14:12 (8044 turns).

MacCMillion the Reanimator (Mummy Necromancer)      Turns: 8044, Time: 00:14:13

Health: -10/60     AC:  4    Str: 11    XL:     8   Next: 87%
Magic:  15/15      EV: 13    Int: 16    God:    Ashenzari [......]
Gold:   230        SH:  0    Dex: 13    Spells: 9/17 levels left

rFire   . . .        p - +7 rapier (venom)
rCold   . . .        (no shield)
rNeg    + + +        a - +0 robe
rPois   ∞            t - +0 helmet
rElec   .            (no cloak)
rCorr   .            (no gloves)
SInv    .            o - +0 pair of boots
Will    +....        q - amulet of magic regeneration
Stlth   ++           i - ring of fire
HPRegen 0.30/turn    m - ring of wizardry
MPRegen 0.54/turn

%: faith, wizardry (x1)
@: animating dead
A: cold resistance 1, negative energy resistance 3, torment resistance 2, heat
vulnerability 1, in touch with death 1, no potions, faith
a: Renounce Religion


You were on level 7 of the Dungeon.
You worshipped Ashenzari.
Ashenzari was noncommittal.
You visited 2 branches of the dungeon, and saw 8 of its levels.

You collected 230 gold pieces.

Inventory:

Hand Weapons
 c - a +0 club
 e - a +0 dagger
 p - a +7 rapier of venom (weapon)
Missiles
 b - a throwing net
Armour
 a - a +0 robe (worn)
 o - a +0 pair of boots (worn)
 t - a +0 helmet (worn)
Jewellery
 g - a ring of resist corrosion
 i - a ring of fire (left hand)
 m - a ring of wizardry (right hand)
 q - an amulet of magic regeneration (around neck)
Wands
 s - a wand of mindburst (11)
Scrolls
 d - a scroll of magic mapping
 f - a scroll of immolation
 h - 2 scrolls of teleportation
 j - a scroll of vulnerability
 k - a scroll of brand weapon
 l - 2 scrolls of poison
 n - 3 scrolls of noise {unknown}
 r - a scroll of enchant armour {unknown}


   Skills:
 + Level 3.7 Fighting
 + Level 3.6 Dodging
 - Level 1.5 Stealth
 - Level 5.0 Spellcasting
 + Level 10.2 Necromancy


You had 9 spell levels left.
You knew the following spells:

 Your Spells              Type           Power      Damage    Failure   Level
a - Necrotise             Necr           100%       1d9       1%          1
b - Vampiric Draining     Necr           53%        2d9       1%          3
c - Animate Dead          Necr           53%        N/A       1%          4

Your spell library contained the following spells:

 Spells                   Type           Power      Damage    Failure   Level
 Agony                    Necr           53%        N/A       2%          5
 Magic Dart               Conj           16%        1d3       6%          1
 Call Imp                 Summ           8%         N/A       9%          2
 Mephitic Cloud           Conj/Pois/Air  4%         N/A       17%         3
 Olgreb's Toxic Radiance  Pois           4%         N/A       50%         4
 Discord                  Hex            2%         N/A       100%        8
 Ignition                 Fire           3%         3d4       100%        8


Dungeon Overview and Level Annotations

Branches:
Dungeon (7/15)             Temple (1/1) D:6

Altars:
Ashenzari
Cheibriados
Dithmenos
Fedhas
Gozag
Hepliaklqana
Kikubaaqudgha
Makhleb
Ru
Sif Muna
Trog
Uskayaw
Wu Jian
Xom
Yredelemnul

Shops:
D:2 *   D:4 :

Annotations:
D:3 Sigmund
D:4 Grinder


Innate Abilities, Weirdness & Mutations

You are immune to poison.
Your flesh is cold resistant. (rC+)
You are immune to negative energy. (rN+++)
You are immune to unholy pain and torment.
You are vulnerable to heat. (rF-)
You are in touch with the powers of death.
You do not drink.
You have a special connection with the divine. (Faith)


Message History

Your black bear zombie bites the ice beast.
Your black bear zombie claws the ice beast.
The ice beast dies!
The dead are walking!
You start resting.
An orc warrior comes into view. It is wielding a +0 glaive.
An orc warrior is nearby!
You swap places.
An orc comes into view. It is wielding a +1 vampiric falchion.
Your kobold zombie hits the orc warrior.
Your gnoll zombie is smitten.
The orc warrior hits your kobold zombie with a +0 glaive!
Your kobold zombie is destroyed!
Your gnoll zombie hits the orc warrior but does no damage.
Your kobold zombie closely misses the orc warrior.
The orc warrior hits your kobold zombie with a +0 glaive!!
Your kobold zombie is destroyed!
The orc warrior's wounds heal themselves!
Your ice beast zombie closely misses the orc warrior.
Your gnoll zombie closely misses the orc warrior.
An orc wizard comes into view. It is wielding a +0 dagger.
An orc comes into view. It is wielding a +0 hand axe.
Your gnoll zombie is smitten.
Your gnoll zombie is destroyed!
Your ice beast zombie hits the orc warrior but does no damage.
The orc wizard shouts!
Your kobold zombie barely misses the orc warrior.
Your kobold brigand zombie hits the orc warrior but does no damage.
Your kobold zombie hits the orc warrior.
The orc warrior hits you from afar with a +0 glaive!
* * * LOW HITPOINT WARNING * * *
An orc priest comes into view. It is wielding a +0 dagger.
Your kobold brigand zombie hits the orc warrior but does no damage.
You hit the orc but do no damage.
The orc is poisoned.
The orc wizard points at you and mumbles some strange words.
Your black bear zombie resists with significant effort.
The orc hits you with a +1 vampiric falchion.
* * * LOW HITPOINT WARNING * * *
The orc warrior hits you from afar with a +0 glaive!
You die...

.#..........
.............
............
.............
###........... . ##
#............##..
#..###................
[.....................
###o..o@...##........
#..oZ......#.)......
.o....Zo..##.)........
......ZZZ....)).......
............))........
#.........##....##....
#.....)...###...# .##
........... #..... #
....#.###. ......#


You could see an orc warrior (ally target), an orc priest, an orc wizard (fast,
ally target), 2 orcs, a friendly black bear zombie, a friendly ice beast zombie,
2 friendly kobold zombies and a friendly kobold brigand zombie.

Vanquished Creatures
  Eustachio (D:5)
  Menkaure (D:5)
  An ice beast (D:6)
  3 black bears
  An ogre (D:5)
  A centaur (D:5)
  A phantom (D:5)
  A kobold brigand (D:7)
  2 scorpions
  5 hounds
  A gnoll bouda (D:4)
  A jelly (D:6)
  2 iguanas
  A sleepcap (D:6)
  Jessica (D:2)
  Natasha (thrice) (D:3)
  3 orc wizards
  5 gnolls
  5 adders
  A shadow imp (D:5)
  A white imp (D:6)
  3 ufetubi
  A worm (D:4)
  A dart slug (D:1)
  11 orcs
  3 bats (D:1)
  7 endoplasms
  A giant cockroach (D:2)
  6 goblins
  4 hobgoblins
  10 jackals
  2 quokkas
  2 ball pythons
  5 frilled lizards
  10 kobolds
  A rat (D:2)
108 creatures vanquished.

Vanquished Creatures (collateral kills)
  An ice beast (D:7)
  A gnoll (D:7)
  An adder (D:2)
  3 endoplasms
  3 kobolds (D:7)
9 creatures vanquished.

Vanquished Creatures (others)
  A gnoll zombie (D:7)
  4 kobold zombies (D:7)
5 creatures vanquished.

Grand Total: 122 creatures vanquished

Notes
Turn   | Place    | Note
-------+----------+-------------------------------------------
     0 | D:1      | MacCMillion the Mummy Necromancer began the quest for the
                  | Orb.
     0 | D:1      | Reached XP level 1. HP: 13/13 MP: 4/4
   400 | D:1      | Reached XP level 2. HP: 19/19 MP: 0/6
  1327 | D:1      | Gained mutation: You are in touch with the powers of death.
                  | [Mummy growth]
  1327 | D:1      | Reached XP level 3. HP: 22/24 MP: 0/8
  1560 | D:2      | Found Oddutt's Assorted Antiques.
  1672 | D:2      | Noticed Jessica
  1677 | D:2      | Killed Jessica
  1956 | D:2      | Reached XP level 4. HP: 27/30 MP: 6/10
  2347 | D:3      | Reached skill level 5 in Necromancy
  2538 | D:3      | Noticed Sigmund
  3113 | D:3      | Noticed Natasha
  3116 | D:3      | Killed Natasha
  3190 | D:3      | Reached XP level 5. HP: 35/35 MP: 9/12
  3284 | D:3      | Noticed Natasha
  3295 | D:3      | HP: 1/35 [Natasha (3)]
  3296 | D:3      | Killed Natasha
  3297 | D:3      | Reached skill level 5 in Spellcasting
  3316 | D:3      | Noticed Natasha
  3435 | D:3      | Learned a level 3 spell: Vampiric Draining
  3440 | D:3      | Learned a level 4 spell: Animate Dead
  3710 | D:3      | Killed Natasha
  3854 | D:4      | Reached skill level 6 in Necromancy
  4236 | D:4      | Noticed a black bear
  4243 | D:4      | Noticed Grinder
  4272 | D:4      | Killed a black bear
  4273 | D:4      | Reached XP level 6. HP: 41/41 MP: 8/13
  4277 | D:4      | Paralysed by Grinder for 4 turns
  4282 | D:4      | Paralysed by Grinder for 3 turns
  4320 | D:4      | Reached skill level 7 in Necromancy
  4436 | D:4      | Found Catty's Book Shoppe.
  4747 | D:4      | Paralysed by Grinder for 5 turns
  4781 | D:4      | Paralysed by Grinder for 5 turns
  4789 | D:5      | Entered Level 5 of the Dungeon
  4789 | D:5      | Noticed Eustachio
  4794 | D:5      | Killed Eustachio
  4795 | D:5      | Reached skill level 8 in Necromancy
  4795 | D:5      | Reached XP level 7. HP: 30/46 MP: 2/14
  4979 | D:5      | Found a basalt altar of Yredelemnul.
  5187 | D:5      | Reached skill level 9 in Necromancy
  5410 | D:5      | Reached XP level 8. HP: 52/52 MP: 11/15
  5411 | D:5      | Identified the +4 scale mail of Zuerphola {Int+2 Slay+3
                  | Stlth+}
  5480 | D:5      | Identified the +7 mace of Wounding {elec, rPois rN+}
  5559 | D:5      | Noticed Menkaure
  5564 | D:5      | Killed Menkaure
  6018 | D:5      | Reached skill level 10 in Necromancy
  6043 | D:4      | Reached skill level 1 in Fighting
  6798 | D:6      | Found an ancient bone altar of Kikubaaqudgha.
  7182 | D:6      | Found a staircase to the Ecumenical Temple.
  7329 | Temple   | Entered the Ecumenical Temple
  7470 | Temple   | Became a worshipper of Ashenzari the Shackled
  8044 | D:7      | HP: 3/60 [orc/+1 vampiric falchion (6)]
  8044 | D:7      | Mangled by an orc warrior

Illustrated notes

Levels and vault maps discovered:
D:1:      minmay_arrival_four_loops, layout_basic, serial_curves,
          eino_curves_02, eino_curves_03
D:2:      layout_rooms, serial_shops, shop, st_stairs_4, uniq_jessica
D:3:      layout_loops_ring, serial_bayou_pond_a, uniq_natasha, uniq_sigmund
D:4:      layout_basic, serial_shops, nicolae_shop_tiny_real_fake_doors,
          chequers_serial_rivers_small_b, kennysheep_small_square, uniq_grinder
D:5:      layout_loops_corners, mainiacjoe_overflow_six_doors_small,
          minmay_misc_feat_rugged, moated_statue, cheibrodos_gnoll_hut,
          uniq_eustachio, uniq_menkaure
D:6:      layout_loops_ring, nicolae_overflow_hidden_temple,
          minmay_temple_entry_nine_rooms
D:7:      layout_cave_pools, minmay_misc_feat_iff
Temple:   nicolae_temple_two_arcs

Skill      XL: |  1  2  3  4  5  6  7  8 |
---------------+-------------------------+-----
Spellcasting   | 3 4 5 |  5.0
Necromancy     | 5 6 8 9 10 | 10.2
Fighting       | 3 |  3.7
Dodging        | 3 |  3.6
Stealth        | |  1.5

Action                     |  1- 3 |  4- 6 |  7- 9 || total
---------------------------+-------+-------+-------++-------
  Melee: Unarmed           |     1 |       |       ||     1
         Club              |     5 |       |       ||     5
         Dagger            |     5 |       |       ||     5
         Rapier            |       |       |    84 ||    84
         Punch             |       |       |     2 ||     2
   Cast: Necrotise         |    66 |    96 |    68 ||   230
         Vampiric Draining |       |     4 |     2 ||     6
         Animate Dead      |       |       |     2 ||     2
    Use: Scroll            |       |       |     6 ||     6
   Stab: Sleeping          |       |       |     1 ||     1
 Armour: Robe              |    15 |     2 |    27 ||    44
  Dodge: Dodged            |    30 |    11 |   100 ||   141
